 Dungeon Crawl Stone Soup version 0.25.1-2-g60ff931df9 (webtiles) character file.

Game seed: 14602142396717135337

46 Descartes the Grasshopper (level 3, 0/32 HPs)
             Began as a Naga Warper on Aug 10, 2020.
             Slain by an adder (5 damage)
             ... on level 2 of the Dungeon.
             The game lasted 00:03:50 (1499 turns).

Descartes the Grasshopper (Naga Warper)             Turns: 1499, Time: 00:03:50

Health: 0/32       AC:  2    Str: 13    XL:     3   Next: 66%
Magic:  6/6        EV: 10    Int: 14    God:
Gold:   50         SH:  0    Dex: 10    Spells: 6/6 levels left

rFire    . . .     SeeInvis +   a - +0 spear
rCold    . . .     Gourm    .   (no shield)
rNeg     . . .     Faith    .   b - +0 leather armour
rPois    +         Spirit   .   (no helmet)
rElec    .         Reflect  .   (no cloak)
rCorr    .         Harm     .   (no gloves)
MR       .....                  (no barding)
Stlth    ++........             (no amulet)
HPRegen  0.10/turn              (no ring)
MPRegen  0.10/turn              (no ring)

@: short of breath, very slow
A: large, see invisible, deformed body, poison resistance, slowness 2, slow
metabolism 1, spit poison 1, AC +1
a: Spit Poison


You were on level 2 of the Dungeon.
You were not hungry.

You visited 1 branch of the dungeon, and saw 2 of its levels.

You collected 50 gold pieces.

Inventory:

Hand Weapons
 a - a +0 spear (weapon)
Missiles
 c - 31 stones
 e - 5 boomerangs of dispersal (quivered)
 m - 28 sling bullets
Armour
 b - a +0 leather armour (worn)
 i - a +0 ring mail
Scrolls
 d - 2 scrolls of blinking
 g - 2 scrolls of amnesia {unknown}
 h - a scroll of fear {unknown}
 j - a scroll of random uselessness {unknown}
 l - a scroll of enchant armour {unknown}
Comestibles
 f - 4 rations
 k - a chunk of flesh


   Skills:
 - Level 2.0 Fighting
 - Level 2.0 Polearms
 - Level 0.8 Throwing
 - Level 0.7 Armour
 + Level 2.3 Dodging
 + Level 3.0 Stealth
 - Level 2.3 Spellcasting
   Level 3.0 Translocations


You had 6 spell levels left.
You didn't know any spells.
Your spell library contained the following spells:

 Spells                   Type           Power        Failure   Level  Hunger
 Blink                    Tloc           N/A          13%         2    ###....
 Shroud of Golubria       Chrm/Tloc      #.....       24%         2    ###....
 Gell's Gravitas          Tloc           ##........   26%         3    ###....
 Lesser Beckoning         Tloc           ##........   26%         3    ###....
 Teleport Other           Tloc           ##......     26%         3    ###....
 Passage of Golubria      Tloc           N/A          65%         4    #####..


Dungeon Overview and Level Annotations

Branches:
Dungeon (2/15)

Altars:


Innate Abilities, Weirdness & Mutations

You cannot wear boots.
Your serpentine skin is tough. (AC +1)
You have supernaturally acute eyesight. (SInv)
Armour fits poorly on your strangely shaped body.
Your system is resistant to poisons. (rPois)
You cover ground very slowly.
You have a slow metabolism.
You can spit poison.


Message History

The adder bites you.
Press: ? - help, Shift-Dir - straight line, f/p - adder
Aim: an adder (lightly wounded)
The splash of poison misses the adder.
You feel slightly more hungry. The adder barely misses you.
You aren't carrying any potions.
You closely miss the adder.
The adder is lightly wounded.
The adder bites you.
You closely miss the adder.
The adder is lightly wounded.
The adder bites you.
* * * LOW HITPOINT WARNING * * *
The adder bites you.
* * * LOW HITPOINT WARNING * * *
You can't do that yet.
You miss the adder.
The adder is lightly wounded.
The adder bites you.
You die...

##.......##
#.........#
+.........+
#)........#
#.......# #)....#
#...# #.#####'#
#....@S.#
....#####.### #
#.....#
#<.)..#######
##.###............
..........########
#.......##
...#####)# # #.#


You could see an adder.

Vanquished Creatures
  An adder (D:2)
  A worm (D:2)
  A dart slug (D:1)
  2 leopard geckos (D:1)
  5 bats
  7 hobgoblins
  2 frilled lizards
  5 goblins (D:1)
  4 kobolds
  2 rats (D:1)
30 creatures vanquished.

Notes
Turn   | Place    | Note
-------+----------+-------------------------------------------
     0 | D:1      | Descartes the Naga Warper began the quest for the Orb.
     0 | D:1      | Reached XP level 1. HP: 19/19 MP: 3/3
   211 | D:1      | Reached XP level 2. HP: 26/26 MP: 5/5
   212 | D:1      | Reached skill level 1 in Stealth
   723 | D:1      | Reached XP level 3. HP: 32/32 MP: 6/6
  1499 | D:2      | Slain by an adder

Illustrated notes

Levels and vault maps discovered:
D:1:      lemuel_arrival_broad_hall, layout_rooms, due_unseen_surprise
D:2:      layout_loops_corners, nicolae_overflow_crystal_walls,
          doesnt_xom_only_xom, uniq_natasha

Skill      XL: |  1  2  3 |
---------------+----------+-----
Stealth        | 2 3 |  3.0
Dodging        | 2 |  2.3
Fighting       | |  2.0
Polearms       | |  2.0
Throwing       | |  0.8
Armour         | |  0.7
Spellcasting   | |  2.3
Translocations | |  3.0

Action                   || total
-------------------------++-------
Melee: Spear             ||    80
 Abil: Spit Poison       ||    20
  Eat: Chunk             ||     2
Armor: Leather armour    ||    10
Dodge: Dodged            ||    31
